 Dungeon Crawl Stone Soup version 0.19-a0-1820-gbf060b2 (webtiles) character file.

1085 Flanowski the Insei (level 8, -7/38 HPs)
             Began as a Vine Stalker Transmuter on Oct 6, 2016.
             Mangled by an orc warrior
             ... wielding a +0 scimitar
              (10 damage)
             ... on level 6 of the Dungeon.
             The game lasted 00:12:03 (5242 turns).

Flanowski the Insei (Vine Stalker Transmuter)       Turns: 5242, Time: 00:12:03

Health: -7/38      AC:  4    Str: 13    XL:     8   Next: 30%
Magic:  0/15       EV: 14    Int: 13    God:
Gold:   308        SH:  0    Dex: 21    Spells: 4 memorised, 4 levels left

rFire  . . .     SeeInvis +       - Unarmed
rCold  . . .     Gourm    .     b - +0 robe
rNeg   . . .     Faith    .     (no shield)
rPois  +         Spirit   +     (no helmet)
rElec  +         Dismiss  .     f - +0 cloak "Niahadwy" {rElec rPois Dex+4 SInv}
rCorr  .         Reflect  .     x - +0 pair of gloves
MR     +....     Harm     .     (no boots)
Stlth  ++........               (no amulet)
                                (no ring)
                                (no ring)

@: no status effects
A: fangs 3, regeneration 1, magic shield, antimagic bite, no device heal 3, rot
immunity
a: no special abilities


You were on level 6 of the Dungeon.
You were not hungry.

You visited 1 branch of the dungeon, and saw 6 of its levels.
You also visited: Sewer.

You collected 308 gold pieces.

Inventory:

Missiles
 a - 88 arrows
Armour
 b - a +0 robe (worn)
 f - the +0 cloak "Niahadwy" (worn) {rElec rPois Dex+4 SInv}
   (You found it on level 4 of the Dungeon)

   It affects your dexterity (+4).
   It insulates you from electricity.
   It protects you from poison.
   It lets you see invisible.
 x - a +0 pair of gloves (worn)
Jewellery
 t - an uncursed amulet of magic regeneration {unknown}
 v - an uncursed amulet of the gourmand {unknown}
Wands
 z - a wand of slowing (25/48)
 B - a wand of iceblast (5/15)
 E - a wand of disintegration (17/24)
Scrolls
 e - a scroll of random uselessness {unknown}
 h - a scroll of magic mapping {unknown}
 i - 3 scrolls of blinking {unknown}
 j - 2 scrolls of enchant armour {unknown}
 n - 2 scrolls of amnesia {unknown}
 q - 3 scrolls of teleportation {unknown}
 w - a scroll of identify {unknown}
 y - a scroll of fog {unknown}
 A - 4 scrolls of remove curse {unknown}
Potions
 g - a potion of heal wounds {unknown}
 k - a potion of flight {unknown}
 m - a potion of cancellation {unknown}
 o - a potion of lignification {unknown}
 p - a potion of invisibility {unknown}
 r - a potion of haste {unknown}
 s - 2 potions of degeneration {unknown}
 u - a potion of curing
 C - a potion of berserk rage {unknown}
Books
 c - a book of Changes

   Spells                             Type                      Level
   a - Beastly Appendage              Transmutation                1
   b - Sticks to Snakes               Transmutation                2
   c - Spider Form                    Transmutation/Poison         3
   d - Ice Form                       Ice/Transmutation            4
   e - Blade Hands                    Transmutation                5
Comestibles
 d - 3 bread rations
 l - 2 meat rations
 D - 5 chunks of flesh


   Skills:
 + Level 1.6 Fighting
 + Level 3.2 Dodging
 + Level 6.0 Unarmed Combat
 + Level 4.3 Spellcasting
 * Level 5.7 Transmutations
 + Level 1.3 Poison Magic


You had 4 spell levels left.
You knew the following spells:

 Your Spells              Type           Power        Failure   Level  Hunger
a - Beastly Appendage     Tmut           ###...       1%          1    None
b - Sticks to Snakes      Tmut           ###.....     3%          2    ##.....
c - Spider Form           Tmut/Pois      ##........   14%         3    ###....
d - Blade Hands           Tmut           ###.......   63%         5    ######.


Dungeon Overview and Level Annotations

Branches:
Dungeon (6/15)
 Temple: D:4-7

Altars:
Fedhas
Gozag
Hepliaklqana
Kikubaaqudgha
Nemelex Xobeh
Sif Muna
Xom
Yredelemnul
The Shining One


Innate Abilities, Weirdness & Mutations

You have razor-sharp teeth.
Your natural rate of healing is unusually fast.
When hurt, damage is shared between your health and your magic reserves.
Your bite disrupts and absorbs the magic of your enemies.
Potions and wands cannot restore your health.
You are immune to rotting.


Message History

The adder misses you. The orc warrior closely misses you.
You hit the adder.
The adder is poisoned.
The adder is lightly wounded.
The adder misses you.
The orc warrior hits you with a scimitar!!
* * * LOW HITPOINT WARNING * * *
Unknown command.
Your transformation has ended.
The +0 cloak "Niahadwy" {rElec rPois Dex+4 SInv} unmelds from your body.
Your +0 pair of gloves unmelds from your body.
Your +0 robe unmelds from your body.
Unknown command.
You miss the adder.
The adder is lightly wounded.
The adder completely misses you. x2
You hit the adder. Your bite misses the adder.
The adder is severely wounded.
You kill the adder!
The orc warrior hits you with a scimitar!
You die...

. .. #####.###.#####....##..o..
.##...##...#............o...o...#
..#.............#....)#.........#
.. .............#....)#.........#
.. .............#.....#.........+
.#########'######.....######....#
.##...###..###.......## #....#
.......'.....+..†o...# .....#
.......#.....#..@....+ .....
.......#....<#.......#
.......#.....#.......#
.##....#######.......# .##....#
#######... ..#...... ....
..#...... .... ..# ... .. ..#


You could see an orc warrior.

Vanquished Creatures
  A hippogriff (D:5)
  Blork the orc (D:5)
  2 bullfrogs (Sewer)
  2 howler monkeys (D:4)
  2 hounds
  2 orc wizards
  A centaur skeleton (D:6)
  2 orc priests
  Jessica (D:3)
  2 worker ants (D:5)
  Terence (D:2)
  12 adders
  8 oozes
  6 worms
  7 leopard geckos
  14 orcs
  18 ball pythons
  20 giant cockroaches
  5 goblins
  7 hobgoblins
  5 jackals
  10 kobolds
  4 quokkas
  10 bats
  12 frilled lizards
  A jackal zombie (D:5)
  2 rats (D:2)
158 creatures vanquished.

Notes
Turn   | Place    | Note
-------+----------+-------------------------------------------
     0 | D:1      | Flanowski the Vine Stalker Transmuter began the quest for the Orb.
     0 | D:1      | Reached XP level 1. HP: 9/9 MP: 4/4
   148 | D:1      | Reached XP level 2. HP: 13/14 MP: 6/6
   855 | D:1      | Reached XP level 3. HP: 17/17 MP: 5/7
  1067 | D:2      | Found an opulent altar of Gozag.
  1157 | D:2      | Found an ancient bone altar of Kikubaaqudgha.
  1509 | D:2      | Reached skill level 4 in Unarmed Combat
  1509 | D:2      | Gained mutation: Your natural rate of healing is unusually fast. [Vine Stalker growth]
  1509 | D:2      | Reached XP level 4. HP: 15/21 MP: 4/8
  1598 | D:2      | HP: 1/21 [worm (7)]
  1746 | D:2      | Noticed Terence
  1756 | D:2      | Killed Terence
  2009 | D:2      | Found a shimmering altar of Xom.
  2011 | D:2      | Found a shattered altar of Ashenzari.
  2011 | D:2      | Found an ancient bone altar of Kikubaaqudgha.
  2013 | D:2      | Found a hazy altar of Hepliaklqana.
  2013 | D:2      | Found a deep blue altar of Sif Muna.
  2013 | D:2      | Found a radiant altar of Vehumet.
  2340 | D:3      | Reached XP level 5. HP: 17/25 MP: 9/9
  2373 | D:3      | Found a hazy altar of Hepliaklqana.
  2447 | D:3      | Noticed Jessica
  2451 | D:3      | Learned a level 2 spell: Sticks to Snakes
  2455 | D:3      | Learned a level 3 spell: Spider Form
  2462 | D:3      | Killed Jessica
  2471 | D:3      | Found a deep blue altar of Sif Muna.
  3034 | D:4      | Reached XP level 6. HP: 24/29 MP: 11/11
  3057 | D:4      | Got a warped cloak
  3063 | D:4      | Identified the +0 cloak "Niahadwy" {rElec rPois Dex+4 SInv} (You found it on level 4 of the Dungeon)
  3352 | D:4      | Reached skill level 1 in Fighting
  3422 | D:4      | Found a blossoming altar of Fedhas.
  3523 | D:4      | Found a basalt altar of Yredelemnul.
  3525 | D:4      | Noticed a profane servitor
  3566 | D:4      | Found a glowing golden altar of the Shining One.
  3568 | D:4      | Noticed an angel
  3605 | D:5      | Entered Level 5 of the Dungeon
  3643 | D:5      | Noticed Blork the orc
  3651 | D:5      | Killed Blork the orc
  3651 | D:5      | Reached skill level 5 in Unarmed Combat
  3651 | D:5      | Reached XP level 7. HP: 26/33 MP: 6/13
  3738 | D:5      | Reached skill level 5 in Transmutations
  3830 | D:5      | Found a glowing drain.
  3867 | Sewer    | Entered a sewer
  4385 | D:5      | Found a sparkling altar of Nemelex Xobeh.
  4564 | D:5      | Noticed a hippogriff
  4684 | D:5      | Killed a hippogriff
  4684 | D:5      | Reached skill level 1 in Poison Magic
  4684 | D:5      | Gained mutation: You have razor-sharp teeth. [Vine Stalker growth]
  4684 | D:5      | Reached XP level 8. HP: 31/38 MP: 2/15
  4950 | D:5      | Learned a level 5 spell: Blade Hands
  5137 | D:6      | Reached skill level 6 in Unarmed Combat
  5237 | D:6      | HP: 1/38 [orc warrior/scimitar (14)]
  5242 | D:6      | Mangled by an orc warrior

Vault maps used:
D:1:      minmay_arrival_up_and_down, serial_corexii_hall,
          corexii_hall_statues_l, corexii_hall_statues_i,
          hangedman_decor_growths
D:2:      nicolae_overflow_crystal_walls, kiku_gazebo_garden_becter,
          first_bread, doesnt_xom_only_xom, uniq_terence
D:3:      old_standard_altar, tgw_sif
D:4:      grunt_temple_overflow_holy_war, kennysheep_little_box
D:5:      portal_sewer_entry_f, nemelex_xobeh_ov_fountains_minmay,
          uniq_blork_the_orc
D:6:      serial_shops, kennysheep_mini, uniq_pikel
Sewer:    sewer_frog_island_02

Skill      XL: |  1  2  3  4  5  6  7  8 |
---------------+-------------------------+-----
Unarmed Combat | 4 5 6 |  6.0
Transmutations | 3 4 5 |  5.7
Dodging        | 2 3 |  3.2
Spellcasting   | 3 4 |  4.3
Fighting       | 1 |  1.6
Poison Magic   | 1 |  1.3

Action                   |  1- 3 |  4- 6 |  7- 9 || total
-------------------------+-------+-------+-------++-------
Melee: Unarmed           |   126 |   159 |   214 ||   499
       Bite              |    19 |    49 |    37 ||   105
       Kick              |     8 |    21 |    13 ||    42
       Headbutt          |     8 |    16 |    11 ||    35
       Punch             |     1 |     4 |     2 ||     7
 Cast: Beastly Appendage |    19 |    26 |    12 ||    57
       Spider Form       |       |     2 |    12 ||    14
 Stab: Sleeping          |     2 |       |     1 ||     3
  Eat: Chunk             |     2 |     8 |     7 ||    17
Armor: Robe              |    29 |    21 |    40 ||    90
       Skin              |       |       |     5 ||     5
Dodge: Dodged            |    84 |    78 |   230 ||   392
